 Dungeon Crawl Stone Soup version 0.31-a0-840-g6d2ecbb638 (webtiles) character file.

Game seed: 3751799864208743923

1110 BinkBink the Trooper (level 8, -9/81 HPs)
             Began as a Minotaur Monk on Sept 27, 2023.
             Was an Elder of Wu Jian.
             Mangled by an orc warrior
             ... wielding a +0 halberd
              (10 damage)
             ... on level 7 of the Dungeon.
             The game lasted 00:08:03 (4791 turns).

BinkBink the Trooper (Minotaur Monk)                Turns: 4791, Time: 00:08:04

Health: -9/81      AC:  2    Str: 19      XL:     8   Next: 11%
Magic:  7/7        EV: 13    Int:  7      God:    Wu Jian [****..]
Gold:   496        SH:  0    Dex:  9 (10) Spells: 7/7 levels left

rFire   . . .        a - +0 falchion
rCold   . . .        d - orb {light}
rNeg    . . .        b - +0 robe
rPois   .            (helmet unavailable)
rElec   .            (no cloak)
rCorr   .            (no gloves)
SInv    .            (no boots)
Will    .....        (no amulet)
Stlth   +            (no ring)
HPRegen 0.33/turn    (no ring)
MPRegen 0.10/turn

%: no passive effects
@: hasted, glowing, very quick
A: horns 3, retaliatory headbutt, clumsy 1, robust 1, screaming 1
a: Renounce Religion, Wall Jump, Serpent's Lash


You were on level 7 of the Dungeon.
You worshipped Wu Jian.
Wu Jian was greatly pleased with you.
You visited 1 branch of the dungeon, and saw 7 of its levels.
You also visited: Ossuary.

You collected 496 gold pieces.

Inventory:

Hand Weapons
 a - a +0 falchion (weapon)
Armour
 b - a +0 robe (worn)
 d - an orb of light (worn)
Jewellery
 h - a ring of ice
Wands
 n - a wand of digging (5)
 y - a wand of mindburst (15)
Scrolls
 e - 7 scrolls of identify {unknown}
 g - 2 scrolls of enchant armour {unknown}
 j - 2 scrolls of amnesia {unknown}
 k - a scroll of revelation {unknown}
 m - a scroll of noise {unknown}
 o - a scroll of fear {unknown}
 p - 2 scrolls of poison {unknown}
 s - a scroll of blinking {unknown}
 u - 2 scrolls of enchant weapon {unknown}
 v - 3 scrolls of teleportation {unknown}
 x - a scroll of immolation {unknown}
 A - a scroll of vulnerability {unknown}
Potions
 c - a potion of ambrosia
 f - 3 potions of mutation
 i - a potion of cancellation
 q - 5 potions of brilliance
 r - a potion of invisibility
 w - a potion of attraction {unknown}
 z - a potion of might {unknown}


   Skills:
 + Level 7.6 Fighting
 + Level 7.5 Long Blades
 + Level 6.8 Dodging


You had 7 spell levels left.
You didn't know any spells.
Your spell library contained the following spells:

 Spells                   Type           Power      Damage    Failure   Level
 Freeze                   Ice            0%         1d3       43%         1
 Kiss of Death            Conj/Necr      0%         2d5       43%         1
 Cigotuvi's Dreadful Rot  Necr/Pois/Air  0%         N/A       56%         2
 Confusing Touch          Hex            0%         N/A       80%         3
 Dazzling Flash           Conj/Hex       0%         N/A       80%         3
 Frozen Ramparts          Ice            0%         1d1       80%         3
 Hailstorm                Conj/Ice       0%         3d3       80%         3
 Ignite Poison            Fire/Tmut/Pois 0%         N/A       80%         3
 Dispel Undead            Necr           0%         3d6       99%         4
 Agony                    Necr           0%         N/A       100%        5
 Freezing Cloud           Conj/Ice/Air   0%         6-21      100%        5
 Silence                  Hex/Air        0%         N/A       100%        5


Dungeon Overview and Level Annotations

Branches:
Dungeon (7/15)            Ossuary (visited)
 Temple: D:4-7

Altars:
Vehumet
Wu Jian

Portals:
Abyss: D:3

Annotations:
D:3 2 transporters, Ivernyr's ghost, amateur VSGl


Innate Abilities, Weirdness & Mutations

You have a pair of large horns on your head.
You reflexively headbutt those who attack you in melee.
You are clumsy. (Dex -2)
You are robust. (+10% HP)
You occasionally shout uncontrollably at your foes.


Message History

The orc hits you with a +0 flail.
You barely miss the orc. You headbutt the orc.
You kill the orc!
The Council accepts your kill.
You slash the orc!
You kill the orc!
The Council accepts your kill.
You hit the orc warrior. You headbutt the orc warrior!
The orc warrior is heavily wounded.
The orc warrior hits you with a +2 dire flail of draining!
* * * LOW HITPOINT WARNING * * *
You feel drained.
* * * LOW HITPOINT WARNING * * *
You hit the orc warrior but do no damage.
You headbutt the orc warrior.
The orc warrior is heavily wounded.
The orc warrior hits you with a +2 dire flail of draining.
* * * LOW HITPOINT WARNING * * *
You feel drained.
You hit the orc warrior but do no damage.
You headbutt the orc warrior!
The orc warrior is severely wounded.
The orc warrior barely misses you.
You hit the orc warrior. You headbutt the orc warrior.
You kill the orc warrior!
The Council accepts your kill.
You feel your dexterity returning.
Your life force feels restored.
You start resting.
An orc warrior comes into view. It is wielding a +0 halberd.
The orc warrior shouts!
You hear a shout!
An orc wizard comes into view. It is wielding a +0 dagger.
You yell at the orc wizard!
You hear a shout! x2
It was a potion of haste.
You feel yourself speed up.
You hit the orc warrior but do no damage.
The orc warrior hits you with a +0 halberd!
* * * LOW HITPOINT WARNING * * *
You hit the orc warrior but do no damage.
The orc warrior hits you with a +0 halberd!
You die...

.###.##.# .#
...o....##.#
..oo...o..[##
#<)...#
#)##### #.#
##.# ###oo#
#.@..# #+####


You could see an orc warrior and an orc wizard.

Vanquished Creatures
  An orc warrior (D:7)
  2 ogres
  3 scorpions (D:5)
  A howler monkey (D:6)
  3 hounds
  2 orc priests (D:3)
  2 iguanas
  2 sleepcaps
  3 orc wizards
  8 mummies (Ossuary)
  4 gnolls (D:6)
  5 adders
  A white imp (D:5)
  An ufetubus (D:5)
  A worm (D:2)
  2 dart slugs
  21 orcs
  9 ball pythons
  An endoplasm (D:1)
  6 giant cockroaches
  4 goblins
  7 hobgoblins
  5 kobolds
  4 quokkas
  4 bats
  A frilled lizard (D:3)
  A gnoll zombie (Ossuary)
  3 hobgoblin zombies (Ossuary)
  3 kobold zombies (Ossuary)
  An orc zombie (Ossuary)
  5 rats
116 creatures vanquished.

Notes
Turn   | Place    | Note
-------+----------+-------------------------------------------
     0 | D:1      | BinkBink the Minotaur Monk began the quest for the Orb.
     0 | D:1      | Reached XP level 1. HP: 19/19 MP: 0/0
   216 | D:1      | Reached XP level 2. HP: 27/27 MP: 1/1
   915 | D:2      | Reached XP level 3. HP: 29/33 MP: 2/2
  1086 | D:2      | Found a faded altar of an unknown god.
  1126 | D:2      | Prayed at the altar of an unknown god.
  1126 | D:2      | Became a worshipper of the Wu Jian Council
  1126 | D:2      | Reached * piety under Wu Jian
  1126 | D:2      | Reached ** piety under Wu Jian
  1333 | D:3      | Reached *** piety under Wu Jian
  1410 | D:3      | Found a transporter.
  1432 | D:3      | Noticed a small abomination
  1448 | D:3      | Found a one-way gate to the infinite horrors of the Abyss.
  1448 | D:3      | Noticed Ivernyr's ghost (amateur VSGl)
  1449 | D:3      | Noticed a kobold brigand
  1498 | D:3      | Found a transporter.
  1539 | D:3      | Reached XP level 4. HP: 36/41 MP: 3/3
  1624 | D:3      | Reached skill level 5 in Fighting
  1624 | D:3      | Reached XP level 5. HP: 15/48 MP: 4/4
  1852 | D:3      | Reached skill level 5 in Long Blades
  2041 | D:4      | Noticed an ogre
  2050 | D:4      | Killed an ogre
  2051 | D:4      | Reached skill level 5 in Dodging
  2073 | D:4      | Reached XP level 6. HP: 16/57 MP: 5/5
  2339 | D:4      | Found a radiant altar of Vehumet.
  2339 | D:4      | Found an ornate altar of the Wu Jian Council.
  2361 | D:4      | Found a sand-covered staircase.
  2370 | Ossuary  | Entered an ossuary
  2397 | Ossuary  | Gained mutation: You occasionally shout uncontrollably at
                  | your foes. [potion of mutation]
  2397 | Ossuary  | Gained mutation: You are robust. (+10% HP) [potion of
                  | mutation]
  2397 | Ossuary  | Gained mutation: You are clumsy. (Dex -2) [potion of
                  | mutation]
  2397 | Ossuary  | Gained mutation: You have a pair of large horns on your
                  | head. [potion of mutation]
  2398 | Ossuary  | HP: 1/62 [mummy (12)]
  3455 | D:5      | Entered Level 5 of the Dungeon
  3474 | D:5      | Reached **** piety under Wu Jian
  3475 | D:5      | Reached XP level 7. HP: 45/70 MP: 6/6
  4768 | D:7      | Reached XP level 8. HP: 42/80 MP: 7/7
  4790 | D:7      | HP: 1/81 [orc warrior/+0 halberd (17)]
  4791 | D:7      | Mangled by an orc warrior

Illustrated notes

Levels and vault maps discovered:
D:1:      tekkud_arrival_beachfront_property, layout_loops_ring
D:2:      layout_rooms, hellmonk_ecumenical_altar_crossroads
D:3:      layout_loops_ring, gammafunk_ghost_abyssal_escape, minmay_box_of_dots
D:4:      layout_cave_pools, mainiacjoe_overflow_divided_tiny, enter_ossuary_1,
          minivault_19, dreamdust_princess_bridge, grunt_decor_cap
D:5:      nicolae_cairo_tiling_very_big, layout_rooms
D:6:      layout_layer_cave, lemuel_tele_altar
D:7:      layout_basic, nicolae_sif_muna_little_library,
          minmay_temple_entry_statues_pillars, enter_bailey_5,
          nicolae_shop_gadgets

Skill      XL: |  1  2  3  4  5  6  7 |
---------------+----------------------+-----
Fighting       | 4 5 6 7 |  7.6
Long Blades    | 4 5 6 7 |  7.5
Dodging        | 4 5 6 |  6.8

Action                     |  1- 3 |  4- 6 |  7- 9 || total
---------------------------+-------+-------+-------++-------
  Melee: Falchion          |    83 |   129 |    94 ||   306
         Headbutt          |    13 |    47 |    28 ||    88
 Invoke: Serpent's Lash    |       |     1 |       ||     1
Ability: Lunge             |     1 |    10 |     7 ||    18
         Whirlwind         |       |     1 |     3 ||     4
    Use: Potion            |       |     6 |     4 ||    10
 Armour: Robe              |    34 |    56 |    55 ||   145
  Dodge: Dodged            |    56 |    64 |    47 ||   167

Table legend: (Time is in decaauts)
 A = Elapsed time spent in this place.
 B = Non-inter-level travel time spent in this place.
 C = Inter-level travel time spent in this place.
 D = Time resting spent in this place.
 E = Time spent auto-exploring this place.
 F = Levels seen in this place.
 G = Mean time per level.
                   A        B        C        D        E       F      G
               +--------+--------+--------+--------+--------+-----+--------+
         Total |   4797 |   4675 |    122 |      7 |   3945 |   8 |  599.6 |
       Dungeon |   3981 |   3859 |    122 |      7 |   3260 |   7 |  568.7 |
       Ossuary |    815 |    815 |      0 |      0 |    685 |   1 |  815.0 |
               +--------+--------+--------+--------+--------+-----+--------+

Top non-repeatable levels by time:
     D:5: 1070 daAuts
     D:3: 924 daAuts
 Ossuary: 815 daAuts
     D:1: 769 daAuts
     D:4: 494 daAuts
     D:2: 463 daAuts
     D:6: 229 daAuts
     D:7: 31 daAuts
